 Dungeon Crawl Stone Soup version 0.28.0-53-g5a82cb258f (webtiles) character file.

Game seed: 11884124246282482737

105 Cape the Chopper (level 4, -2/60 HPs)
             Began as a Minotaur Berserker on Aug 9, 2022.
             Was a Believer of Trog.
             Slain by a gnoll
             ... wielding a +2 whip of electrocution
              (5 damage)
             ... on level 2 of the Dungeon.
             The game lasted 00:04:46 (1736 turns).

Cape the Chopper (Minotaur Berserker)               Turns: 1736, Time: 00:04:46

Health: -2/60      AC:  2    Str: 23    XL:     4   Next: 53%
Magic:  3/3        EV:  8    Int:  4    God:    Trog [**....]
Gold:   33         SH: 10    Dex: 10    Spells: 3/3 levels left

rFire   . . .      SeeInvis .   a - +0 hand axe
rCold   . . .      Faith    .   h - +0 tower shield
rNeg    . . .      Spirit   .   b - +0 animal skin
rPois   .          Reflect  .   (helmet restricted)
rElec   .          Harm     .   (no cloak)
rCorr   .          Rampage  .   (no gloves)
Will    .....                   (no boots)
Stlth   ..........              (no amulet)
HPRegen 0.20/turn               (no ring)
MPRegen 0.08/turn               (no ring)

@: berserking (expiring), very quick
A: horns 2, retaliatory headbutt
a: Renounce Religion, Berserk, Trog's Hand


You were on level 2 of the Dungeon.
You worshipped Trog.
Trog was pleased with you.
You visited 1 branch of the dungeon, and saw 2 of its levels.

You collected 33 gold pieces.

Inventory:

Hand Weapons
 a - a +0 hand axe (weapon)
Missiles
 g - 3 poisoned darts (quivered)
Armour
 b - a +0 animal skin (worn)
 h - a +0 tower shield (worn)
Scrolls
 d - a scroll of enchant armour {unknown}
 f - a scroll of fear {unknown}
Potions
 c - a potion of brilliance {unknown}
 e - a potion of attraction {unknown}


   Skills:
 + Level 4.2 Fighting
 + Level 4.4 Axes
 * Level 3.7 Armour
 + Level 2.9 Dodging
 * Level 1.7 Shields


You had 3 spell levels left.
You didn't know any spells.
Your spell library was empty.

Dungeon Overview and Level Annotations

Branches:
Dungeon (2/15)

Altars:


Innate Abilities, Weirdness & Mutations

You have a pair of horns on your head.
You reflexively headbutt those who attack you in melee.


Message History

The gnoll is moderately wounded.
The gnoll hits you with a +0 whip. The gnoll barely misses you.
You block the gnoll's attack.
The gnoll hits you from afar with a +0 spear.
A red film seems to cover your vision as you go berserk!
You feel yourself moving faster!
You feel mighty! The gnoll barely misses you.
The gnoll hits you from afar with a +0 spear.
You slash the gnoll!
The gnoll is almost dead.
You block the gnoll's attack.
The gnoll hits you from afar with a +0 spear.
You slash the gnoll!
You kill the gnoll!
Trog accepts your kill. You block the gnoll's attack.
You see here a +0 whip.
You slash the gnoll!
The gnoll is almost dead.
The gnoll hits you with a +0 spear.
You barely miss the gnoll.
The gnoll is almost dead.
The gnoll hits you with a +0 spear.
You barely miss the gnoll.
The gnoll is almost dead.
You block the gnoll's attack.
You slash the gnoll!
You kill the gnoll!
Trog accepts your kill.
You hit the gnoll but do no damage. You headbutt the gnoll.
The gnoll is moderately wounded.
The gnoll hits you with a +2 whip of electrocution!
You are electrocuted!!
* * * LOW HITPOINT WARNING * * *
You closely miss the gnoll.
The gnoll is moderately wounded.
You block the gnoll's attack.
You barely miss the gnoll. Your headbutt misses the gnoll.
The gnoll is moderately wounded.
The gnoll hits you with a +2 whip of electrocution.
You die...

#.# # #.# # ##.## #
##.#.## # ##.###.## ##
#.## ##.###. #
##.###.###..
...##.########..#.###...
.....gg@............+...
...##.#######......##...
# #.#....###.. #......#
##. #####.## ## #.# #
#.# #.#


You could see 2 gnolls.

Vanquished Creatures
  Jessica (D:2)
  5 gnolls
  A dart slug (D:1)
  3 bats
  3 endoplasms (D:1)
  4 goblins (D:1)
  2 kobolds (D:1)
  2 quokkas (D:1)
  2 ball pythons
  6 frilled lizards (D:1)
  4 rats (D:1)
33 creatures vanquished.

Notes
Turn   | Place    | Note
-------+----------+-------------------------------------------
     0 | D:1      | Cape the Minotaur Berserker began the quest for the Orb.
     0 | D:1      | Reached XP level 1. HP: 19/19 MP: 0/0
   184 | D:1      | Reached XP level 2. HP: 27/27 MP: 1/1
   575 | D:1      | Reached ** piety under Trog
   983 | D:1      | Reached XP level 3. HP: 19/33 MP: 2/2
  1234 | D:2      | Reached skill level 1 in Shields
  1639 | D:2      | Noticed Jessica
  1645 | D:2      | Killed Jessica
  1646 | D:2      | Reached XP level 4. HP: 34/40 MP: 3/3
  1734 | D:2      | HP: 3/60 [gnoll/+2 whip of electrocution (19)]
  1736 | D:2      | Slain by a gnoll

Illustrated notes

Levels and vault maps discovered:
D:1:      lemuel_arrival_funnel, layout_rooms, st_stairs_14,
          nicolae_figureground_sparkle
D:2:      layout_loops_corners, minmay_pentomino_u4, uniq_jessica, uniq_terence

Skill      XL: |  1  2  3 |
---------------+----------+-----
Axes           | 4 |  4.4
Armour         | 3 |  3.7
Fighting       | 4 |  4.2
Shields        | 1 |  1.7
Dodging        | |  2.9

Action                   |  1- 3 |  4- 6 || total
-------------------------+-------+-------++-------
Melee: Hand axe          |    60 |    14 ||    74
       Headbutt          |     5 |     2 ||     7
Throw: Dart              |     1 |       ||     1
Invok: Berserk           |     2 |     1 ||     3
 Stab: Sleeping          |       |     1 ||     1
Armor: Animal skin       |    11 |       ||    11
Dodge: Dodged            |    31 |     2 ||    33
Block: Tower shield      |    10 |     9 ||    19
